 Dungeon Crawl Stone Soup version 0.26-a0-1129-gc5df7fbe6a (webtiles) character file.

Game seed: 14959829166258665333

2331 CasualChangeling the Chopper (level 9, -8/80 HPs)
             Began as a Palentonga Fighter on Dec 19, 2020.
             Was a Priest of Makhleb.
             Killed from afar by a steam dragon (17 damage)
             ... with a ball of steam
             ... on level 6 of the Dungeon.
             The game lasted 00:19:01 (7024 turns).

CasualChangeling the Chopper (Palentonga Fighter)   Turns: 7024, Time: 00:19:02

Health: -8/80      AC: 16    Str: 22    XL:     9   Next: 19%
Magic:  10/10      EV:  7    Int:  9    God:    Makhleb [***...]
Gold:   222        SH: 10    Dex: 10    Spells: 8/8 levels left

rFire    . . .     SeeInvis +   a - +0 war axe
rCold    . . .     Faith    .   c - +0 kite shield
rNeg     + . .     Spirit   .   u - +0 scale mail
rPois    .         Reflect  .   j - +0 helmet
rElec    .         Harm     .   (no cloak)
rCorr    .         Rampage  .   k - +0 pair of gloves
Will     .....                  (no barding)
Stlth    ..........             (no amulet)
HPRegen  0.23/turn              t - ring of positive energy
MPRegen  0.12/turn              (no ring)

@: curled up
A: large, rugged brown scales 3, see invisible, deformed body, roll 1, armoured
tail, reflexive curl
a: Rolling Charge, Renounce Religion, Minor Destruction, Lesser Servant of
Makhleb


You were on level 6 of the Dungeon.
You worshipped Makhleb.
Makhleb was most pleased with you.
You visited 2 branches of the dungeon, and saw 7 of its levels.

You collected 408 gold pieces.
You spent 186 gold pieces at shops.

Inventory:

Hand Weapons
 a - a +0 war axe (weapon)
 b - a +2 flail of protection
 y - a +2 long sword of holy wrath
Missiles
 n - 30 poisoned darts
 p - 2 throwing nets
Armour
 c - a +0 kite shield (worn)
 j - a +0 helmet (worn)
 k - a +0 pair of gloves (worn)
 u - a +0 scale mail (worn)
Jewellery
 t - a ring of positive energy (left hand)
 v - an uncursed ring of ice {unknown}
 w - an uncursed ring of poison resistance {unknown}
Wands
 o - a wand of random effects (27)
 q - a wand of acid (4)
 r - a wand of polymorph (15)
 z - a wand of digging (6)
 G - a wand of paralysis (4)
Scrolls
 f - a scroll of fear
 g - 5 scrolls of amnesia
 i - 2 scrolls of identify
 l - 2 scrolls of remove curse
 m - 3 scrolls of teleportation {unknown}
 E - 2 scrolls of immolation {unknown}
 F - a scroll of fog
Potions
 d - a potion of resistance {unknown}
 e - 2 potions of curing {unknown}
 h - 2 potions of haste {unknown}
 s - a potion of cancellation {unknown}
 x - a potion of lignification {unknown}
 A - a potion of magic {unknown}
 B - a potion of berserk rage {unknown}


   Skills:
 + Level 5.8 Fighting
 + Level 7.7 Axes
 + Level 0.4(4.8) Maces & Flails
 + Level 5.2 Armour
 + Level 2.5 Dodging
 + Level 0.4 Stealth
 + Level 4.6 Shields
 + Level 1.5 Invocations


You had 8 spell levels left.
You didn't know any spells.
Your spell library contained the following spells:

 Spells                   Type           Power        Failure   Level
 Sting                    Tmut/Pois      0%           95%         1
 Poisonous Vapours        Pois/Air       0%           98%         2
 Ignite Poison            Fire/Tmut/Pois 0%           100%        3
 Mephitic Cloud           Conj/Pois/Air  0%           100%        3
 Olgreb's Toxic Radiance  Pois           0%           100%        4


Dungeon Overview and Level Annotations

Branches:
Dungeon (6/15)             Temple (1/1) D:6

Altars:
Ashenzari
Cheibriados
Dithmenos
Elyvilon
Fedhas
Gozag
Hepliaklqana
Kikubaaqudgha
Makhleb
Nemelex Xobeh
Okawaru
Qazlal
Ru
Sif Muna
Trog
Uskayaw
Vehumet
Wu Jian
Xom
Yredelemnul
Zin

Shops:
D:4 }   D:6 *


Innate Abilities, Weirdness & Mutations

You are completely covered in rugged brown scales. (AC +3, +7% HP)
You have supernaturally acute eyesight. (SInv)
Armour fits poorly on your strangely shaped body.
You can roll at nearby foes to attack.
You have a long armoured tail.
You curl defensively after being hit.


Message History

Okay, then.
You feel much better.
You are engulfed in a cloud of scalding steam.
* * * LOW HITPOINT WARNING * * *
The steam dragon closely misses you. The steam dragon claws you.
* * * LOW HITPOINT WARNING * * *
A demon appears!
You are engulfed in a cloud of scalding steam.
* * * LOW HITPOINT WARNING * * *
You block the steam dragon's attack. The steam dragon claws you.
* * * LOW HITPOINT WARNING * * *
You swap places.
The steam dragon closely misses your orange demon.
The steam dragon claws your orange demon.
Your orange demon barely misses the steam dragon.
Your orange demon hits the steam dragon.
The steam dragon breathes steam at you.
The ball of steam hits your orange demon!!
The ball of steam hits you!
You die...

............##
##..............#
#...............#
##...............#
#...............##
#..............##
#########........§....##
..................§..##
................@§§.##
####
...............4...##
###...
.............§D...##
###.....
.......####...###.##
###....... .......#
##### #..# ##.....∩...
......## #..#
##.......... .....##
##.###..........# ....##
#.##..........## ...##
#............##


You could see a steam dragon (catching breath) and a friendly orange demon
(summoned).

Vanquished Creatures
  2 steam dragons (D:6)
  Menkaure (D:4)
  A sky beast (D:6)
  An orc warrior (D:6)
  2 ogres
  A centaur (D:5)
  Blork the orc (D:4)
  A gnoll sergeant (D:3)
  A water moccasin skeleton (D:6)
  A scorpion (D:4)
  3 wights (D:6)
  A jelly (D:6)
  3 orc priests
  4 gnoll shamans (D:3)
  2 hounds
  2 orc wizards
  An iguana (D:6)
  Natasha (thrice) (D:3)
  6 worker ants
  A hound skeleton (D:6)
  8 adders
  30 gnolls (D:3)
  2 shadow imps
  An ooze (D:3)
  An adder zombie (D:5)
  An adder skeleton (D:5)
  2 worms (D:3)
  6 leopard geckos
  14 orcs
  5 bats
  6 giant cockroaches
  3 goblins
  5 hobgoblins
  17 jackals
  2 quokkas
  A ball python (D:1)
  4 frilled lizards
  A giant cockroach zombie (D:5)
  7 kobolds
  5 rats
159 creatures vanquished.

Vanquished Creatures (collateral kills)
  An ogre (D:5)
  A bullfrog skeleton (D:5)
2 creatures vanquished.

Vanquished Creatures (others)
  5 plants (D:3)
5 creatures vanquished.

Grand Total: 166 creatures vanquished

Notes
Turn   | Place    | Note
-------+----------+-------------------------------------------
     0 | D:1      | CasualChangeling the Palentonga Fighter began the quest for
                  | the Orb.
     0 | D:1      | Reached XP level 1. HP: 20/20 MP: 1/1
     2 | D:1      | Noticed a dwarf
     2 | D:1      | Noticed a felid
     4 | D:1      | Noticed a troll
     4 | D:1      | Noticed an octopode
     6 | D:1      | Noticed a vampire
     6 | D:1      | Noticed a merfolk
     8 | D:1      | Noticed a minotaur
     8 | D:1      | Noticed a naga
    10 | D:1      | Noticed a demigod
    10 | D:1      | Noticed a centaur
    12 | D:1      | Noticed a ghoul
    14 | D:1      | Noticed a spriggan
    14 | D:1      | Noticed a draconian
    16 | D:1      | Noticed a gargoyle
    16 | D:1      | Noticed a tengu
    18 | D:1      | Noticed a vine stalker
    18 | D:1      | Noticed an elf
    20 | D:1      | Noticed a demonspawn
    22 | D:1      | Noticed a formicid
    24 | D:1      | Noticed a human
    24 | D:1      | Noticed an ogre
    26 | D:1      | Noticed a halfling
   473 | D:1      | Reached XP level 2. HP: 27/27 MP: 2/2
   768 | D:1      | Reached XP level 3. HP: 22/33 MP: 3/3
   902 | D:2      | Found a faded altar of an unknown god.
   925 | D:2      | Became a worshipper of Makhleb the Destroyer
   925 | D:2      | Reached * piety under Makhleb
  1403 | D:3      | Reached XP level 4. HP: 27/40 MP: 4/4
  1476 | D:3      | Reached skill level 3 in Axes
  1486 | D:3      | Reached XP level 5. HP: 27/48 MP: 5/5
  1696 | D:3      | Reached ** piety under Makhleb
  1742 | D:3      | Noticed Natasha
  1751 | D:3      | Killed Natasha
  1752 | D:3      | Reached skill level 4 in Axes
  1953 | D:3      | Noticed Natasha
  1971 | D:3      | Killed Natasha
  1972 | D:3      | Reached XP level 6. HP: 43/55 MP: 6/6
  2404 | D:3      | Noticed Natasha
  2420 | D:3      | Killed Natasha
  2519 | D:3      | Gained mutation: You curl defensively after being hit.
                  | [Palentonga growth]
  2519 | D:3      | Reached XP level 7. HP: 43/64 MP: 7/7
  2538 | D:3      | Reached skill level 5 in Axes
  2626 | D:3      | Reached skill level 1 in Dodging
  3507 | D:4      | Noticed Blork the orc
  3514 | D:4      | Killed Blork the orc
  3515 | D:4      | Reached skill level 5 in Fighting
  3599 | D:4      | Reached *** piety under Makhleb
  3961 | D:4      | Found Janub's Gadget Shoppe.
  4181 | D:4      | Noticed Menkaure
  4221 | D:4      | Killed Menkaure
  4222 | D:4      | Reached skill level 6 in Axes
  4222 | D:4      | Reached XP level 8. HP: 9/72 MP: 8/8
  4672 | D:5      | Entered Level 5 of the Dungeon
  5574 | D:5      | Reached skill level 1 in Invocations
  5722 | D:6      | Found Ibloig's General Store.
  5730 | D:6      | Bought a scroll of remove curse for 36 gold pieces
  5730 | D:6      | Bought a scroll of blinking for 90 gold pieces
  5730 | D:6      | Bought a potion of heal wounds for 60 gold pieces
  5892 | D:6      | Reached skill level 5 in Armour
  5908 | D:6      | Reached skill level 7 in Axes
  6212 | D:6      | Found a staircase to the Ecumenical Temple.
  6234 | D:6      | Reached XP level 9. HP: 79/79 MP: 10/10
  6276 | Temple   | Entered the Ecumenical Temple
  6553 | D:6      | Found a snail-covered altar of Cheibriados.
  7020 | D:6      | HP: 3/80 [steam dragon (6)]
  7024 | D:6      | Killed from afar by a steam dragon

Illustrated notes

Levels and vault maps discovered:
D:1:      kb_arrival_jail, layout_basic
D:2:      layout_basic, chequers_ecumenical_altar_simple
D:3:      lemuel_castle_with_subvaults [lemuel_castle_interior_carwin_3],
          layout_loops_ring, chequers_avenue, roderic_lattice_a, uniq_natasha
D:4:      layout_gridville, serial_shops, nicolae_shop_window_shopping,
          uniq_blork_the_orc, uniq_menkaure
D:5:      layout_gridville, minmay_misc_feat_rugged, grunt_decor_one_mirror
D:6:      cheibrodos_steamvent, layout_cave_pods,
          minmay_temple_entry_drinking_statues, basic_altar, serial_shops, shop
Temple:   kilobyte_greek_temple

Skill      XL: |  1  2  3  4  5  6  7  8 |
---------------+-------------------------+-----
Armour         | 3 4 5 |  5.2
Axes           | 3 4 6 7 |  7.7
Shields        | 3 4 |  4.6
Fighting       | 4 5 |  5.8
Dodging        | 1 2 |  2.5
Invocations    | 1 |  1.5
Maces & Flails | |  0.4
Stealth        | |  0.4

Action                   |  1- 3 |  4- 6 |  7- 9 || total
-------------------------+-------+-------+-------++-------
Melee: War axe           |   122 |   150 |   291 ||   563
       Tailslap          |    18 |    13 |    48 ||    79
       Flail             |       |       |     4 ||     4
Invok: Minor Destruction |       |       |     4 ||     4
       Lesser Servant of |       |       |     2 ||     2
 Abil: Rolling Charge    |     3 |     7 |     8 ||    18
  Use: Scroll            |       |     2 |     5 ||     7
       Potion            |       |     1 |     2 ||     3
Armor: Scale mail        |   118 |    60 |   110 ||   288
Dodge: Dodged            |    43 |    40 |    82 ||   165
Block: Kite shield       |    88 |    73 |   133 ||   294

Table legend: (Time is in decaauts)
 A = Elapsed time spent in this place.
 B = Non-inter-level travel time spent in this place.
 C = Inter-level travel time spent in this place.
 D = Time resting spent in this place.
 E = Time spent auto-exploring this place.
 F = Levels seen in this place.
 G = Mean time per level.
                   A        B        C        D        E       F      G
               +--------+--------+--------+--------+--------+-----+--------+
         Total |   7228 |   7067 |    161 |   2035 |   2639 |   7 | 1032.6 |
       Dungeon |   7012 |   6901 |    111 |   2035 |   2474 |   6 | 1168.7 |
        Temple |    216 |    166 |     50 |      0 |    165 |   1 |  216.0 |
               +--------+--------+--------+--------+--------+-----+--------+

Top non-repeatable levels by time:
     D:3: 2296 daAuts
     D:5: 1283 daAuts
     D:4: 1235 daAuts
     D:6: 873 daAuts
     D:1: 718 daAuts
     D:2: 605 daAuts
  Temple: 216 daAuts
